 Dungeon Crawl Stone Soup version 0.28.0-49-g6dfe1f597d (webtiles) character file.

Game seed: 820808650633614403

8 Zeld the Caller (level 2, -1/20 HPs)
             Began as a Merfolk Summoner on May 17, 2022.
             Slain by a hobgoblin (4 damage)
             ... on level 1 of the Dungeon.
             The game lasted 00:01:19 (864 turns).

Zeld the Caller (Merfolk Summoner)                   Turns: 864, Time: 00:01:20

Health: -1/20      AC:  2    Str:  8    XL:     2   Next: 8%
Magic:  3/5        EV: 12    Int: 14    God:
Gold:   0          SH:  0    Dex: 14    Spells: 2/5 levels left

rFire   . . .      SeeInvis .   (no weapon)
rCold   . . .      Faith    .   (no shield)
rNeg    . . .      Spirit   .   a - +0 robe
rPois   .          Reflect  .   (no helmet)
rElec   .          Harm     .   (no cloak)
rCorr   .          Rampage  .   (no gloves)
Will    .....                   (no boots)
Stlth   ++........              (no amulet)
HPRegen 0.06/turn               (no ring)
MPRegen 0.09/turn               (no ring)

@: no status effects
A: (nimble swimmer 2), mertail
a: no special abilities


You were on level 1 of the Dungeon.
You visited 1 branch of the dungeon, and saw 1 of its levels.

Inventory:

Armour
 a - a +0 robe (worn)
Scrolls
 b - a scroll of fear {unknown}
 c - a scroll of enchant armour {unknown}
 e - a scroll of identify {unknown}
Potions
 d - a potion of haste {unknown}
 f - a potion of brilliance {unknown}


   Skills:
 * Level 0.7 Fighting
 + Level 2.8 Dodging
 + Level 2.3 Stealth
 * Level 2.1 Spellcasting
 * Level 4.1 Summonings


You had 2 spell levels left.
You knew the following spells:

 Your Spells              Type           Power      Damage    Failure   Level
a - Summon Small Mammal   Summ           52%        N/A       4%          1
b - Call Imp              Summ           13%        N/A       7%          2

Your spell library contained the following spells:

 Spells                   Type           Power      Damage    Failure   Level
 Call Canine Familiar     Summ           13%        N/A       13%         3
 Summon Guardian Golem    Hex/Summ       7%         N/A       30%         3
 Summon Lightning Spire   Summ/Air       7%         N/A       69%         4


Dungeon Overview and Level Annotations

Branches:
Dungeon (1/15)

Altars:


Innate Abilities, Weirdness & Mutations

((You are very nimble when in or above water. (Stealth+, EV+, Speed+++)))
Your lower body shifts to a powerful aquatic tail in water.


Message History

You hit the hobgoblin but do no damage. The hobgoblin misses you.
You closely miss the hobgoblin. The hobgoblin hits you.
You completely miss the hobgoblin. The hobgoblin hits you.
You closely miss the hobgoblin. The hobgoblin barely misses you.
You barely miss the hobgoblin. The hobgoblin barely misses you.
Your crimson imp blinks!
You closely miss the hobgoblin. The hobgoblin hits you.
Your crimson imp blinks!
You hit the hobgoblin but do no damage. The hobgoblin hits you.
There is an open door here.
Casting: Call Imp (safe; 7% risk of failure)
Confirm with . or Enter, or press ? or * to list all spells.
A beastly little devil appears in a puff of flame.
Your crimson imp disappears in a puff of smoke!
The hobgoblin hits you.
* * * LOW HITPOINT WARNING * * *
Unknown command.
Your crimson imp blinks!
The hobgoblin hits you but does no damage.
You swap places.
The hobgoblin misses your crimson imp.
Your crimson imp hits the hobgoblin.
The hobgoblin misses your crimson imp.
Your crimson imp completely misses the hobgoblin.
The hobgoblin misses your crimson imp.
Your crimson imp barely misses the hobgoblin.
The hobgoblin hits your crimson imp.
Your crimson imp hits the hobgoblin.
Your crimson imp barely misses the hobgoblin.
The hobgoblin hits your crimson imp but does no damage.
The hobgoblin hits your crimson imp but does no damage.
Your crimson imp hits the hobgoblin but does no damage.
Your crimson imp disappears in a puff of smoke!
The hobgoblin hits you but does no damage.
The hobgoblin closely misses you. The hobgoblin hits you.
* * * LOW HITPOINT WARNING * * *
Casting: Call Imp (safe; 7% risk of failure)
Confirm with . or Enter, or press ? or * to list all spells.
A beastly little devil appears in a puff of frigid air.
The hobgoblin hits you.
You die...

##.###.#)##.####....
...##.#.##........#
..##.#.#####......
#.##.#.# #.##.#.
####.##.#.# #.##.#.
#.........## #+#####
#.##.#.....# #.. #
#.##g#..#### #..
#...##.##@#..# #.#
...........5.## #.#
##...#####...>###.#
##. ###..##.####.##
# #.#.'.........
#.####..####.# ##
#.#.# #.##.# #.# #.#


You could see a hobgoblin (ally target) and a friendly white imp (summoned).

Vanquished Creatures (collateral kills)
  2 goblins (D:1)
  2 hobgoblins (D:1)
  A quokka (D:1)
  A ball python (D:1)
  A kobold (D:1)
7 creatures vanquished.

Notes
Turn   | Place    | Note
-------+----------+-------------------------------------------
     0 | D:1      | Zeld the Merfolk Summoner began the quest for the Orb.
     0 | D:1      | Reached XP level 1. HP: 13/13 MP: 3/3
   623 | D:1      | Reached XP level 2. HP: 16/20 MP: 3/5
   637 | D:1      | Learned a level 2 spell: Call Imp
   864 | D:1      | Slain by a hobgoblin

Illustrated notes

Levels and vault maps discovered:
D:1:      roderic_octagonal_star, layout_loops_ring,
          ebering_ecumenical_altar_hall

Action                   || total
-------------------------++-------
Melee: Unarmed           ||    32
 Cast: Summon Small Mamm ||    12
       Call Imp          ||     3
Armor: Robe              ||     7
Dodge: Dodged            ||    37
